 Dungeon Crawl Stone Soup version 0.26-a0-30-g56b8cd3df0 (webtiles) character file.

Game seed: 16739440967861923769, levelgen mode: deterministic

11669 Hasart the Blocker (level 12, 0/93 HPs)
             Began as a Formicid Fighter on June 1, 2020.
             Was a High Priest of Dithmenos.
             Slain by a stone giant (14 damage)
             ... on level 1 of the Orcish Mines.
             The game lasted 00:22:22 (12394 turns).

Hasart the Blocker (Formicid Fighter)              Turns: 12394, Time: 00:22:23

Health: 0/93       AC: 20    Str: 24    XL:     12   Next: 10%
Magic:  15/15      EV: 10    Int:  9    God:    Dithmenos [*****.]
Gold:   756        SH: 12    Dex: 11    Spells: 11/11 levels left

rFire    + . .     SeeInvis +   D - +1 battleaxe (elec)
rCold    + + .     Gourm    .   c - +0 kite shield
rNeg     . . .     Faith    .   J - +1 gold dragon scales
rPois    +         Spirit   .   (helmet unavailable)
rElec    .         Reflect  .   (no cloak)
rCorr    .         Harm     .   G - +0 pair of gloves
MR       +....                  u - +0 pair of boots
Stlth    ..........             h - amulet of magic regeneration
HPRegen  0.25/turn              a - ring of protection from cold
MPRegen  0.39/turn              C - +4 ring of evasion

@: wreathed by umbra, studying Long Blades
A: permanent stasis, dig shafts and tunnels, four strong arms, antennae 3
a: Dig, Shaft Self, Shadow Step, Shadow Form, Renounce Religion


You were on level 1 of the Orcish Mines.
You worshipped Dithmenos.
Dithmenos was extremely pleased with you.
You were hungry.

You visited 3 branches of the dungeon, and saw 13 of its levels.
You also visited: Ossuary.

You collected 822 gold pieces.
You spent 66 gold pieces at shops.

Inventory:

Hand Weapons
 k - a +2 halberd of flaming
 A - a +1 flail of holy wrath
 D - a +1 battleaxe of electrocution (weapon)
Missiles
 v - 6 silver boomerangs (quivered)
Armour
 c - a +0 kite shield (worn)
 u - a +0 pair of boots (worn)
 G - a +0 pair of gloves (worn)
 J - +1 gold dragon scales (worn)
Jewellery
 a - a ring of protection from cold (left hand)
 h - an amulet of magic regeneration (around neck)
 C - a +4 ring of evasion (right hand)
 F - an uncursed ring of fire
 H - an uncursed ring of ice
Wands
 z - a wand of random effects (42)
 E - a wand of paralysis (9)
Scrolls
 b - a scroll of amnesia {unknown}
 g - 6 scrolls of teleportation {unknown}
 i - 5 scrolls of remove curse
 l - 2 scrolls of enchant armour
 m - 7 scrolls of identify
 o - a scroll of magic mapping {unknown}
 r - a scroll of noise {unknown}
 t - a scroll of immolation {unknown}
 y - a scroll of vulnerability {unknown}
 B - a scroll of enchant weapon {unknown}
 I - a scroll of fog {unknown}
Potions
 d - a potion of might
 e - 3 potions of magic {unknown}
 j - 2 potions of curing
 n - 5 potions of cancellation {unknown}
 p - 2 potions of heal wounds {unknown}
 q - 6 potions of brilliance {unknown}
 s - 5 potions of flight {unknown}
 w - a potion of mutation {unknown}
Books
 x - a manual of Long Blades
Comestibles
 f - 18 rations


   Skills:
 + Level 8.2 Fighting
 * Level 8.8(9.2) Axes
 - Level 4.2(7.0) Polearms
 + Level 5.1 Throwing
 + Level 8.1 Armour
 + Level 5.9 Dodging
 + Level 9.0 Shields
 + Level 5.1 Invocations
 + Level 4.7 Evocations


You had 11 spell levels left.
You didn't know any spells.
Your spell library contained the following spells:

 Spells                   Type           Power        Failure   Level  Hunger
 Foxfire                  Conj/Fire      #...         100%        1    ##.....
 Freeze                   Ice            #...         100%        1    ##.....
 Conjure Flame            Conj/Fire      #.......     100%        3    ####...
 Frozen Ramparts          Ice            #.....       100%        3    ####...
 Inner Flame              Hex/Fire       #.......     100%        3    ####...
 Ozocubu's Armour         Chrm/Ice       #.......     100%        3    ####...
 Hailstorm                Conj/Ice       #.......     100%        4    #####..
 Sticky Flame             Conj/Fire      #.......     100%        4    #####..
 Summon Ice Beast         Ice/Summ       #.......     100%        4    #####..
 Fireball                 Conj/Fire      #.........   100%        5    ######.


Dungeon Overview and Level Annotations

Branches:
Dungeon (11/15)            Temple (1/1) D:4            Lair (0/6) D:8
    Orc (1/2) D:9         Ossuary (visited)

Altars:
Ashenzari
Dithmenos
Elyvilon
Fedhas
Hepliaklqana
Makhleb
Okawaru
Qazlal
Ru
Sif Muna
Trog
Uskayaw
Vehumet
Yredelemnul
Zin
The Shining One

Shops:
D:8 ?   D:10 !


Innate Abilities, Weirdness & Mutations

You cannot be hasted, slowed, berserked, paralysed or teleported.
You can dig through walls and to a lower floor.
Your four strong arms can wield two-handed weapons with a shield.
You have a pair of large antennae on your head. (SInv)


Message History

The stone giant is lightly wounded.
You block the stone giant's attack.
All of the chunks of flesh in your inventory have rotted away.
You slash the stone giant!
The stone giant is moderately wounded.
You block the stone giant's attack.
You are feeling hungry.
You hit the stone giant but do no damage.
The stone giant is moderately wounded.
The stone giant hits you!! x2
* * * LOW HITPOINT WARNING * * *
You hit the stone giant.
The stone giant is moderately wounded.
The stone giant hits you.
* * * LOW HITPOINT WARNING * * *
You slice the stone giant!!
Lightning courses through the stone giant!
The stone giant is severely wounded.
The stone giant hits you!
You die...

##..#...........$......
#...##.................
##.##..............#...
##...............>....
#.....#...............
##.#)###...........# .
###.[)#...........###.
###.##C))......^.......#
#.....[@........#...(...
#....##.)....#..#...#C(..
##.#.#[[.....#.....##..(.
##...#..#..#............
##)#......##.##........
#...#......######......
##.###.##...# #....... ##
#####.## ##.##... ##
#######


You could see a stone giant.

Vanquished Creatures
  Erolcha (D:11)
  Fannar (D:10)
  2 two-headed ogres
  Sonja (D:10)
  An unseen horror (D:11)
  Pikel (D:4)
  Maggie (D:8)
  A gargoyle (D:11)
  2 trolls
  5 yaks (D:9)
  A spriggan (D:9)
  Eustachio (D:4)
  A hungry ghost (D:10)
  Menkaure (D:5)
  Duvessa (D:6)
  An ice beast (D:6)
  5 orc warriors
  3 sky beasts
  3 phantoms
  9 ogres
  2 necrophages
  A centaur (D:5)
  2 big kobolds
  6 bullfrogs
  A gnoll sergeant (D:9)
  Dowan (D:6)
  2 scorpions
  6 killer bees
  3 howler monkeys (D:9)
  A crimson imp (D:6)
  A quasit (D:10)
  4 bullfrog skeletons
  A jelly (D:6)
  8 hounds
  10 orc priests
  A gnoll shaman (D:6)
  A centaur skeleton (D:4)
  Terence (D:3)
  2 iguanas
  11 orc wizards
  9 worker ants
  A hound skeleton (D:7)
  9 mummies
  4 worker ant zombies
  9 gnolls
  12 adders
  3 shadow imps
  An ooze (D:1)
  2 adder skeletons
  An adder zombie (D:9)
  2 worms (D:2)
  2 dart slugs
  2 leopard geckos
  40 orcs
  3 ball pythons
  6 bats
  9 giant cockroaches
  9 goblins
  6 hobgoblins
  8 jackals
  22 kobolds
  3 quokkas
  3 frilled lizards
  A gnoll zombie (Ossuary)
  4 hobgoblin zombies (Ossuary)
  A jackal skeleton (D:4)
  2 jackal zombies
  4 kobold zombies
  3 leopard gecko zombies
  An orc zombie (Ossuary)
  4 rats
293 creatures vanquished.

Vanquished Creatures (others)
  A shadow imp (D:8)
  An ooze (D:4)
2 creatures vanquished.

Grand Total: 295 creatures vanquished

Notes
Turn   | Place    | Note
-------+----------+-------------------------------------------
     0 | D:1      | Hasart the Formicid Fighter began the quest for the Orb.
     0 | D:1      | Reached XP level 1. HP: 18/18 MP: 1/1
   103 | D:1      | Reached XP level 2. HP: 25/25 MP: 2/2
   322 | D:1      | Reached XP level 3. HP: 28/30 MP: 3/3
   689 | D:1      | Reached skill level 4 in Shields
   785 | D:2      | Reached XP level 4. HP: 30/37 MP: 4/4
  1150 | D:2      | Reached skill level 1 in Dodging
  1389 | D:3      | Found a faded altar of an unknown god.
  1489 | D:3      | Reached XP level 5. HP: 42/42 MP: 5/5
  1571 | D:3      | Noticed Terence
  1588 | D:3      | Killed Terence
  1786 | D:3      | Reached XP level 6. HP: 17/48 MP: 6/6
  2309 | D:4      | Noticed a sky beast
  2332 | D:4      | Killed a sky beast
  2437 | D:4      | Noticed Eustachio
  2438 | D:4      | Found a staircase to the Ecumenical Temple.
  2454 | D:4      | Killed Eustachio
  2454 | D:4      | Reached skill level 5 in Shields
  2454 | D:4      | Reached XP level 7. HP: 51/55 MP: 7/7
  2458 | Temple   | Entered the Ecumenical Temple
  2556 | Temple   | Became a worshipper of Dithmenos the Shadowed
  2717 | D:4      | Found a sand-covered staircase.
  2723 | Ossuary  | Entered an ossuary
  2900 | Ossuary  | Reached skill level 5 in Axes
  2903 | Ossuary  | Reached skill level 5 in Fighting
  3218 | Ossuary  | Reached XP level 8. HP: 62/62 MP: 8/8
  3283 | Ossuary  | Reached skill level 5 in Armour
  3441 | D:4      | Reached * piety under Dithmenos
  3561 | D:4      | Noticed Pikel
  3578 | D:4      | Killed Pikel
  3578 | D:4      | Reached skill level 6 in Shields
  3986 | D:5      | Entered Level 5 of the Dungeon
  3989 | D:5      | Noticed a +0 dagger
  4203 | D:5      | Reached skill level 1 in Throwing
  4203 | D:5      | Reached XP level 9. HP: 50/69 MP: 9/9
  4563 | D:5      | Found a hide-covered altar of Uskayaw.
  4564 | D:5      | Noticed a +0 dagger
  4651 | D:5      | Noticed Menkaure
  5101 | D:5      | Killed Menkaure
  5803 | D:6      | Found a white marble altar of Elyvilon.
  5834 | D:6      | Noticed Duvessa
  5840 | D:6      | Noticed Dowan
  5850 | D:6      | Killed Duvessa
  5850 | D:6      | Reached ** piety under Dithmenos
  5858 | D:6      | Killed Dowan
  5961 | D:6      | Reached skill level 7 in Shields
  6816 | D:7      | Found a radiant altar of Vehumet.
  6829 | D:7      | Reached XP level 10. HP: 73/77 MP: 10/10
  7146 | D:7      | Reached skill level 1 in Invocations
  7476 | D:7      | Found a glowing golden altar of the Shining One.
  7477 | D:7      | Found an iron altar of Okawaru.
  7501 | D:8      | Reached skill level 1 in Evocations
  7518 | D:8      | Noticed Maggie
  7534 | D:8      | Reached *** piety under Dithmenos
  7894 | D:8      | Killed Maggie
  8080 | D:8      | Found a staircase to the Lair.
  8358 | D:8      | Found Cupnoote's Magic Scroll Boutique.
  8388 | D:8      | Found a stormy altar of Qazlal.
  8432 | D:8      | Found a hazy altar of Hepliaklqana.
  8441 | D:8      | Reached skill level 1 in Polearms
  9210 | D:9      | Found a staircase to the Orcish Mines.
  9232 | D:9      | Reached **** piety under Dithmenos
  9244 | D:9      | Reached skill level 5 in Dodging
  9562 | D:9      | Found Wiba's Food Emporium.
  9565 | D:9      | Reached skill level 8 in Shields
  9583 | D:9      | Got a faintly humming leather armour
  9584 | D:9      | Identified the +2 leather armour of Compression {rCorr
                  | Dex+3 Stlth+} (You found it on level 9 of the Dungeon)
  9717 | D:9      | Noticed a two-headed ogre
  9729 | D:9      | Killed a two-headed ogre
  9729 | D:9      | Reached XP level 11. HP: 33/84 MP: 13/13
 10152 | D:10     | Entered Level 10 of the Dungeon
 10175 | D:10     | Noticed Fannar
 10195 | D:10     | Killed Fannar
 10425 | D:10     | Found Uthinui's Distillery.
 10426 | D:10     | Noticed Sonja
 10455 | D:10     | Killed Sonja
 10481 | D:10     | Bought a potion of curing for 33 gold pieces
 10481 | D:10     | Bought a potion of curing for 33 gold pieces
 11372 | D:11     | Noticed a two-headed ogre
 11386 | D:10     | HP: 1/85 [two-headed ogre/+0 giant spiked club (23)]
 11388 | D:10     | Killed a two-headed ogre
 11393 | D:10     | HP: 1/86 [poisoned by a killer bee]
 11834 | D:11     | Noticed an unseen horror
 11841 | D:11     | Killed an unseen horror
 11892 | D:11     | Noticed Erolcha
 11907 | D:11     | Killed Erolcha
 11907 | D:11     | Reached skill level 5 in Throwing
 11907 | D:11     | Reached skill level 5 in Invocations
 11907 | D:11     | Reached XP level 12. HP: 73/92 MP: 15/15
 12036 | Orc:1    | Entered Level 1 of the Orcish Mines
 12095 | D:9      | Reached skill level 9 in Shields
 12178 | Orc:1    | Reached ***** piety under Dithmenos
 12199 | Orc:1    | Noticed a stone giant
 12394 | Orc:1    | Slain by a stone giant

Illustrated notes

Levels and vault maps discovered:
D:1:      nzn_arrival_depleted_hourglass, layout_basic
D:2:      wander_river, layout_rooms, first_ration
D:3:      layout_rooms, chequers_ecumenical_altar_island, uniq_terence
D:4:      layout_loops_ring, minmay_temple_entry_waves,
          nicolae_ossuary_entry_giza, uniq_eustachio, uniq_pikel
D:5:      layout_basic, dancing_weapons_uskayaw, serial_glass, glass_columns_a,
          glass_columns_b, uniq_menkaure
D:6:      layout_basic, nicolae_overflow_crystal_walls, nrook_pool_corridor,
          minmay_manual_moon, uniq_duvessa
D:7:      layout_basic, gammafunk_temple_overflow_statue, serial_rivers,
          chequers_serial_rivers_room_b, chequers_serial_rivers_small_a,
          chequers_serial_rivers_small_b, chequers_serial_rivers_room_b,
          chequers_serial_rivers_micro_e, chequers_serial_rivers_room_a,
          basic_altar
D:8:      layout_rooms, kennysheep_mini, nicolae_qazlal_style_of_elements,
          lair_entry_dummy, serial_shops, shop, uniq_maggie
D:9:      layout_roguey, david_orc_2, serial_shops, nicolae_shop_crystal,
          the_bakery, kennysheep_potato
D:10:     layout_small_grid, serial_shops, shop_coins, minmay_misc_feat_columns,
          chequers_serial_rivers_room_a, uniq_sonja, uniq_fannar
D:11:     wad_crossroads, layout_cross, gauntlet_entry_generic, uniq_grum,
          uniq_erolcha
Temple:   regret_index_temple_sphere_string
Orc:1:    layout_caves

Skill      XL: |  1  2  3  4  5  6  7  8  9 10 11 12 |
---------------+-------------------------------------+-----
Shields        | 4 5 6 7 8 9 |  9.0
Fighting       | 4 5 6 7 8 |  8.2
Dodging        | 1 2 3 4 5 |  5.9
Axes           | 3 4 5 6 7 8 |  8.8
Armour         | 4 5 6 7 8 |  8.1
Throwing       | 1 2 4 5 |  5.1
Invocations    | 3 5 |  5.1
Evocations     | 3 4 |  4.7
Polearms       | 2 4 |  4.2

Action                   |  1- 3 |  4- 6 |  7- 9 | 10-12 || total
-------------------------+-------+-------+-------+-------++-------
Melee: War axe           |    26 |       |       |       ||    26
       Hand axe          |    57 |   137 |   274 |    89 ||   557
       Flail             |       |       |     2 |       ||     2
       Battleaxe         |       |       |       |   351 ||   351
       Halberd           |       |       |       |    72 ||    72
Throw: Boomerang         |       |       |       |    10 ||    10
Evoke: Wand              |       |       |       |     1 ||     1
  Use: Scroll            |       |       |       |     3 ||     3
       Potion            |       |       |       |     4 ||     4
  Eat: Chunk             |       |     3 |     5 |    22 ||    30
       Ration            |       |     1 |     2 |     2 ||     5
Armor: Scale mail        |    54 |    38 |    53 |    39 ||   184
       Plate armour      |       |       |       |    61 ||    61
       Gold dragon scale |       |       |       |    80 ||    80
Dodge: Dodged            |    23 |    39 |    85 |   242 ||   389
Block: Kite shield       |    66 |    65 |   104 |   328 ||   563

Table legend:
 A = Non-vault XP
 B = Vault XP
 C = Vault XP percentage of total XP
 D = Non-vault monster count
 E = Vault monster count
 F = Vault count percentage of total count
                 A         B        C        D         E       F
            +---------+---------+-------+---------+---------+-------
      Total |   11288 |    5382 |  32.3 |     250 |      43 |  14.7
            +---------+---------+-------+---------+---------+-------
        D:1 |      57 |       0 |   0.0 |      23 |       0 |   0.0
        D:2 |      68 |       0 |   0.0 |      17 |       0 |   0.0
        D:3 |     152 |      36 |  19.1 |      20 |       1 |   4.8
        D:4 |     380 |     834 |  68.7 |      11 |       5 |  31.2
        D:5 |     628 |     165 |  20.8 |      17 |       1 |   5.6
        D:6 |    1022 |     304 |  22.9 |      32 |       5 |  13.5
        D:7 |     313 |       0 |   0.0 |      16 |       0 |   0.0
        D:8 |     495 |     424 |  46.1 |      20 |       1 |   4.8
        D:9 |    3556 |     518 |  12.7 |      38 |      10 |  20.8
       D:10 |    2083 |    1790 |  46.2 |      21 |       2 |   8.7
       D:11 |    2093 |    1163 |  35.7 |      19 |       2 |   9.5
      Orc:1 |     441 |       0 |   0.0 |      16 |       0 |   0.0
    Ossuary |       0 |     148 | 100.0 |       0 |      16 | 100.0
            +---------+---------+-------+---------+---------+-------
